 Dungeon Crawl Stone Soup version 0.25.1-11-g244df3a29b (webtiles) character file.

Game seed: 13640692620878355059

1588821 DeepDeath the Conqueror (level 27, 281/281 HPs)
             Began as a Minotaur Berserker on Dec 7, 2023.
             Was the Champion of Trog.
             Escaped with the Orb
             ... and 3 runes on Dec 8, 2023!
             The game lasted 06:25:39 (91039 turns).

DeepDeath the Conqueror (Minotaur Berserker)       Turns: 91039, Time: 06:25:40

Health: 281/281    AC: 50    Str: 26    XL:     27
Magic:  35/35      EV: 25    Int: 15    God:    Trog [******]
Gold:   2354       SH: 23    Dex: 24    Spells: 26/26 levels left

rFire    + + +     SeeInvis +   w - +9 broad axe (vorpal)
rCold    + + .     Gourm    .   m - +5 kite shield {rC+}
rNeg     + + +     Faith    +   N - +8 gold dragon scales of Emuos {rPois rF+ rC+ MP+9 Str+3 Int+6}
rPois    +         Spirit   .   G - +0 mask of the Dragon {MR+ Slay+3 SInv}
rElec    +         Reflect  .   p - +2 cloak of Disappointment {rN+ Str-4 Int+6 Dex+2}
rCorr    +         Harm     .   F - +2 pair of gloves of Nuilux {rN++ Int-5}
MR       +++++                  K - +2 pair of boots {run}
Stlth    ..........             V - amulet "Cahe Fue" {Faith rPois rF+ MR+}
HPRegen  1.56/turn              Y - ring "Wiolu" {rF+ rCorr Int+4 Slay+3}
MPRegen  0.24/turn              M - ring of Xiusiss {+Inv rElec Dex+6}

@: regenerating, hasted, very quick
A: retaliatory headbutt, beak, horns 2, icy blue scales 1, rugged brown scales
1, blink, deterioration 1, dopey 1, inhibited regeneration, subdued magic 1
0: Orb of Zot
}: 3/15 runes: decaying, silver, gossamer
a: Blink, Berserk, Trog's Hand, Brothers in Arms, Renounce Religion, Evoke
Invisibility


You escaped.
You worshipped Trog.
Trog was exalted by your worship.
You were full.

You visited 10 branches of the dungeon, and saw 52 of its levels.
You visited 1 bazaar.
You also visited: Trove, Ice Cave, Volcano and Wizlab.

You collected 8990 gold pieces.
You spent 6636 gold pieces at shops.

Inventory:

Hand Weapons
 a - a +4 antimagic broad axe
 e - a +7 broad axe of freezing
 q - the +9 hand crossbow of Outrage {elec, rPois rN+++ Str-5}
   (You found it on level 10 of the Dungeon)

   It charges the ammunition it shoots with electricity; occasionally upon a
   hit, such missiles may discharge and cause terrible harm.
   It affects your strength (-5).
   It protects you from poison.
   It renders you almost immune to negative energy.
 s - a +5 broad axe of flaming
 w - a +9 vorpal broad axe (weapon)
Missiles
 g - 1821 bolts
 A - 6 silver boomerangs
 D - 2 boomerangs
 J - 14 javelins
 S - 13 silver javelins (quivered)
 Z - 15 curare-tipped darts
Armour
 m - a +5 kite shield of cold resistance (worn)
 p - the +2 cloak of Disappointment (worn) {rN+ Str-4 Int+6 Dex+2}
   (You found it on level 10 of the Dungeon)

   It affects your strength (-4).
   It affects your intelligence (+6).
   It affects your dexterity (+2).
   It protects you from negative energy.
 F - the +2 pair of gloves of Nuilux (worn) {rN++ Int-5}
   (You bought it in a shop on level 1 of the Depths)

   It affects your intelligence (-5).
   It greatly protects you from negative energy.
 G - the +0 mask of the Dragon (worn) {MR+ Slay+3 SInv}
   (You acquired it on level 1 of the Depths)

   It affects your accuracy and damage with ranged weapons and melee attacks
   (+3).
   It affects your resistance to hostile enchantments.
   It lets you see invisible.
 K - a +2 pair of boots of running (worn)
 N - the +8 gold dragon scales of Emuos (worn) {rPois rF+ rC+ MP+9 Str+3 Int+6}
   (You bought it in a shop on level 1 of the Depths)

   It affects your strength (+3).
   It affects your intelligence (+6).
   It protects you from fire.
   It protects you from cold.
   It protects you from poison.
   It affects your magic capacity (+9).
Jewellery
 B - the ring of the Serpent {MR+ Str+2 Slay+6}
   (You found it on level 1 of the Vaults)

   [ring of protection from magic]

   It affects your strength (+2).
   It affects your accuracy and damage with ranged weapons and melee attacks
   (+6).
   It affects your resistance to hostile enchantments.
 M - the ring of Xiusiss (right hand) {+Inv rElec Dex+6}
   (You found it on level 1 of the Vaults)

   [ring of dexterity]

   It affects your dexterity (+6).
   It insulates you from electricity.
   It lets you turn invisible.
 V - the amulet "Cahe Fue" (around neck) {Faith rPois rF+ MR+}
   (You found it on level 4 of the Lair of Beasts)

   [amulet of faith]

   It allows you to gain divine favour quickly.
   It protects you from fire.
   It protects you from poison.
   It affects your resistance to hostile enchantments.
 Y - the ring "Wiolu" (left hand) {rF+ rCorr Int+4 Slay+3}
   (You acquired it on level 6 of the Lair of Beasts)

   [ring of resist corrosion]

   It affects your intelligence (+4).
   It affects your accuracy and damage with ranged weapons and melee attacks
   (+3).
   It protects you from fire.
   It provides partial protection from all sources of acid and corrosion.
Wands
 k - a wand of acid (42)
 n - a wand of clouds (13)
 I - a wand of digging (19)
 O - a wand of iceblast (66)
 Q - a wand of paralysis (42)
 T - a wand of disintegration (97)
Scrolls
 d - a scroll of silence
 h - 30 scrolls of remove curse
 l - 3 scrolls of noise
 u - 5 scrolls of blinking
 y - a scroll of teleportation
 H - 6 scrolls of fear
 L - 17 scrolls of identify
 R - 7 scrolls of fog
 U - 4 scrolls of holy word
Potions
 b - 5 potions of heal wounds
 c - 29 potions of curing
 i - 5 potions of stabbing
 j - 2 potions of ambrosia
 r - 4 potions of flight
 t - 4 potions of cancellation
 v - 4 potions of invisibility
 z - 5 potions of might
 C - 4 potions of mutation
 X - 3 potions of resistance
Miscellaneous
 x - 7 phantom mirrors
 E - a box of beasts
 P - a phial of floods
 W - a lightning rod (4/4)
Comestibles
 f - 57 rations


   Skills:
 O Level 27 Fighting
 - Level 18.8(20.0) Axes
   Level 12.4(16.9) Maces & Flails
 - Level 12.0 Crossbows
 - Level 20.0 Throwing
 O Level 27 Armour
 + Level 25.6 Dodging
 - Level 21.0 Shields
 - Level 6.0 Evocations


You had 26 spell levels left.
You didn't know any spells.
Your spell library was empty.

Dungeon Overview and Level Annotations

Branches:
Dungeon (15/15)            Temple (0/1) D:4            Lair (6/6) D:9
  Swamp (4/4) Lair:4       Spider (4/4) Lair:2        Slime (0/5) Lair:5
    Orc (2/2) D:11            Elf (3/3) Orc:2        Vaults (5/5) D:14
  Crypt (3/3) Vaults:2       Tomb (0/3) Crypt:3      Depths (5/5) D:15
    Zot (5/5) Depths:5      IceCv (visited)         Volcano (visited)
 WizLab (visited)

Altars:
Ashenzari
Cheibriados
Fedhas
Kikubaaqudgha
Makhleb
Nemelex Xobeh
Sif Muna
Uskayaw
Vehumet
Wu Jian
Xom
Yredelemnul
Zin
The Shining One
Beogh

Shops:
D:13 (   Orc:2 %![?}   Elf:1 *   Vaults:4 (   Depths:1 [[[(*

Portals:
Hell: Depths:1 Depths:2 Depths:3 Depths:4 Depths:5
Abyss: Depths:4 Depths:5
Pandemonium: Depths:1 Depths:2 Depths:3 Depths:4 Depths:5
Ziggurat: Depths:3


Innate Abilities, Weirdness & Mutations

You reflexively headbutt those who attack you in melee.
You have a pair of horns on your head.
You have a beak for a mouth.
You are partially covered in icy blue scales. (AC +2)
You are partially covered in rugged brown scales. (AC +1, +3% HP)
You can translocate small distances at will.
Your body sometimes deteriorates upon taking damage.
You are dopey. (Int -2)
You do not regenerate when monsters are visible.
Your spells are a little easier to cast, but a little less powerful.


Message History

There is a stone staircase leading up here.
You climb upwards.
There is a stone staircase leading down here.
You feel yourself speed up.
There is an open door here.
Evoke which item? (* to show all) (? for menu, Esc to quit)
Aiming: Dig
Press: ? - help, Shift-Dir - straight line A rock wall.
This square is covered in magical glow.
The rock shatters into small pieces.
Evoke which item? (* to show all) (? for menu, Esc to quit)
Aiming: Dig
Press: ? - help, Shift-Dir - straight line This square is covered in magical glow.
The rock shatters into small pieces.
There is a staircase leading out of the dungeon here.
Unknown command.
HP restored.
You have escaped!

.........# ### ##...## ...>.....#
######## ##'## ........##
####......############ ........#
##............## #.....
........###....####......# #.####
........##.....######....###.##..
#......###...##.....##....##.##.#
#......###..###..#..###....#....#
#.......##..###.@.#..##....#.####
##......###..#+###...##....#.#
#.......##...###...###....#.####
##......###.........#....##.....
#.......####....###.....#######
##........########.....##
##.........####......##
##.................#.####
########.............####.#.#####


There were no monsters in sight!

Vanquished Creatures
  11 orbs of fire (Zot:5)
  6 ancient liches
  Sojobo (Vaults:4)
  Boris (twice) (Depths:5 Crypt:1)
  Frederick (Depths:5)
  Xtahua (Depths:5)
  Saint Roka (Vaults:2)
  4 Killer Klowns
  4 curse toes
  11 golden dragons
  the Enchantress (Depths:4)
  A bone dragon (Crypt:3)
  A Tzitzimitl (D:4)
  2 electric golems (Zot:5)
  25 tentacled monstrosities
  9 liches
  A pandemonium lord (D:4)
  26 Orb Guardians
  5 titans (Vaults:5)
  Jorgrun (Orc:1)
  A Hell Sentinel (D:3)
  2 deep elf blademasters (Elf:3)
  2 deep elf master archers (Elf:3)
  The ghost of pleonasm the Warrior, an adept OgBe of Trog (Swamp:1)
  11 quicksilver dragons
  5 ancient champions
  The ghost of DeepDeath the Severer, an adept HOVM of Okawaru (Vaults:1)
  An Executioner (D:11)
  7 sphinxes
  8 death cobs
  10 shadow dragons
  6 tengu reavers
  A thorn hunter (Swamp:4)
  10 draconian monks
  13 storm dragons
  Donald (Vaults:4)
  8 fire giants
  19 vault wardens
  The ghost of reggie the Thaumaturge, a journeyman DrWz of Sif Muna (Swamp:3)
  6 draconian knights
  3 iron dragons
  11 frost giants
  3 deep elf sorcerers
  A cacodemon (Depths:4)
  Louise (D:15)
  A balrug (Zot:2)
  An orc warlord (Vaults:4)
  6 emperor scorpions (Spider:4)
  7 ghost moths
  4 curse skulls
  5 draconian scorchers
  2 draconian shifters
  9 ghouls
  3 deep elf elementalists
  15 ironheart preservers
  The ghost of tkbsonic5 the Markscentaur, a journeyman CeHu of Nemelex Xobeh (Spider:1)
  7 spriggan defenders
  7 draconian annihilators
  8 war gargoyles
  21 stone giants
  10 green draconians
  3 entropy weavers
  7 draconian stormcallers
  7 vampire knights
  2 green draconians (shapeshifter) (Zot:2)
  34 very ugly things
  2 black draconians (shapeshifter) (Zot:2)
  Nessos (Lair:5)
  14 black draconians
  A red draconian (shapeshifter) (Zot:2)
  5 deep elf demonologists
  14 deep elf annihilators
  6 white draconians
  14 yellow draconians
  14 red draconians
  A spark wasp (Spider:4)
  9 purple draconians
  13 deep elf death magi
  3 eidola
  Snorg (D:10)
  A merfolk javelineer (Depths:3)
  13 fire dragons
  Josephine (Lair:5)
  16 ettins
  A death ooze (Swamp:4)
  15 jiangshi
  2 green deaths (Swamp:4)
  10 great orbs of eyes
  Harold (D:9)
  4 deep elf high priests
  23 yaktaur captains
  13 ice dragons
  3 rakshasas
  3 spriggan air magi
  35 vault guards
  3 hell beasts
  28 hydras
  4 ghost crabs
  A quicksilver dragon skeleton (Crypt:3)
  A catoblepas (shapeshifter) (Vaults:2)
  Erica (D:11)
  The ghost of kulwych the Carver, a journeyman HuFi of Nemelex Xobeh (D:9)
  A catoblepas (Lair:6)
  10 centaur warriors
  3 shambling mangroves
  A two-headed ogre (shapeshifter) (Vaults:1)
  15 ogre magi
  43 two-headed ogres
  17 alligators
  23 dancing weapons
  3 death knights
  11 tengu warriors
  A thrashing horror (Swamp:4)
  2 death yaks (Lair:4)
  13 deep troll shamans
  11 deep troll earth magi
  4 vampire magi (Crypt:2)
  A sun demon (D:4)
  2 soul eaters
  7 spriggan berserkers
  21 deep elf knights
  21 hell knights
  37 skeletal warriors
  2 storm dragon zombies (Vaults:2)
  4 iron trolls
  A fire crab (Volcano)
  A shadow wraith (Vaults:3)
  3 unseen horrors (Depths:5)
  A shadow demon (Zot:4)
  The ghost of tkbsonic5 the Nimble, a novice FeTm of Dithmenos (Lair:4)
  A swamp dragon (shapeshifter) (Vaults:2)
  3 spriggan druids
  4 swamp dragons
  4 glowing orange brains
  33 deep trolls
  A golden dragon zombie (Crypt:3)
  12 ironbrand convokers
  A shadow dragon zombie (Depths:3)
  8 wizards
  4 flayed ghosts
  11 deep elf archers
  4 golden dragon skeletons
  12 phantasmal warriors
  13 orc knights
  An anaconda skeleton (Crypt:3)
  The ghost of Tiocfaidh the Chucker, a novice CeAr (D:5)
  2 lindwurms (Lair:6)
  9 necromancers
  2 frost giant zombies (Crypt:1)
  6 cyclopes
  68 deep elf magi
  A tengu skeleton (Depths:3)
  2 stone giant zombies (Vaults:4)
  12 orc sorcerers
  40 ugly things
  22 orb spiders
  4 fire giant zombies
  2 sphinx skeletons (Vaults:2)
  34 wolf spiders
  2 frost giant skeletons
  26 moths of wrath
  A fire giant skeleton (Crypt:3)
  2 rust devils
  An iron dragon skeleton (Crypt:3)
  3 stone giant skeletons (Vaults:2)
  9 elephants
  16 vault sentinels
  2 guardian serpents (Zot:2)
  Joseph (D:9)
  3 spiny frogs (shapeshifter)
  4 black mambas
  15 spiny frogs
  2 ice statues (IceCv)
  6 human skeletons
  A dire elephant zombie (Crypt:1)
  9 torpor snails
  6 smoke demons
  Psyche (D:9)
  7 orange demons
  7 centaur skeletons
  2 molten gargoyles (Volcano)
  Maggie (D:7)
  A dire elephant skeleton (Crypt:3)
  5 gargoyles
  An elephant slug zombie (Crypt:1)
  3 rime drakes
  4 kobold demonologists
  A yaktaur (shapeshifter) (Depths:4)
  10 demonic crawlers
  An alligator snapping turtle skeleton (Crypt:2)
  A rime drake (shapeshifter) (Depths:1)
  11 freezing wraiths
  3 hellwings
  9 ice devils
  A tormentor (D:2)
  11 komodo dragons
  72 yaktaurs
  An efreet (D:14)
  4 red devils
  2 harpy zombies (Zot:2)
  9 trolls
  6 tengu conjurers
  3 guardian mummies (Crypt:3)
  A polar bear (Lair:4)
  3 meliai (Spider:4)
  A sea snake skeleton (Crypt:1)
  A hydra skeleton (Crypt:1)
  A queen bee (Spider:4)
  25 jumping spiders
  A catoblepas skeleton (Crypt:3)
  2 jumping spiders (shapeshifter)
  2 tengu simulacra (Vaults:4)
  30 hornets
  A raiju (shapeshifter) (Depths:3)
  56 slime creatures
  8 tyrant leeches
  A meliai zombie (D:15)
  11 bog bodies
  3 raiju (Zot:2)
  8 hippogriffs
  An iron dragon simulacrum (Depths:3)
  An alligator skeleton (Crypt:3)
  14 shadows
  A fire dragon skeleton (Crypt:2)
  12 spriggans
  5 flying skulls (Crypt:1)
  54 redbacks
  A vampire (D:14)
  2 air elementals
  31 tarantellas
  3 ettin skeletons
  A ynoxinul (Depths:4)
  4 fire elementals
  9 wyverns
  6 water elementals
  9 yaks
  11 wraiths
  A wind drake zombie (Crypt:2)
  2 humans (shapeshifter)
  3 basilisks
  A black mamba skeleton (Crypt:1)
  2 fire bats (Volcano)
  3 human simulacra
  3 hungry ghosts
  A golden eye (shapeshifter) (Depths:4)
  9 large abominations
  24 vampire mosquitoes
  6 chaos spawn
  3 steam dragons (Volcano)
  4 neqoxecs
  20 insubstantial wisps
  A warg (Orc:1)
  An elf simulacrum (Depths:3)
  17 swamp worms
  A swamp worm (shapeshifter) (D:14)
  2 soldier ants (shapeshifter)
  2 acid dragons (D:12)
  3 floating eyes
  8 water moccasins
  9 swamp drakes
  A floating eye (shapeshifter) (Vaults:5)
  A hell hound (Volcano)
  19 porcupines
  A water nymph skeleton (Crypt:1)
  2 black bears (shapeshifter)
  An orc zombie (Vaults:2)
  28 orc warriors
  An ogre (shapeshifter) (Vaults:4)
  An ettin simulacrum (Vaults:1)
  3 phantoms
  2 sky beasts
  2 eyes of draining
  5 ice beasts
  3 black bears
  An eye of draining (shapeshifter) (Depths:5)
  32 ogres
  12 wolves
  18 boggarts
  5 necrophages
  The ghost of tkbsonic5 the Skirmisher, an amateur DsWr of Kikubaaqudgha (D:3)
  18 centaurs
  An orc skeleton (Vaults:2)
  13 crocodiles
  2 big kobolds (D:12)
  4 elf zombies
  11 small abominations
  5 earth elementals (Elf:2)
  An ogre simulacrum (Vaults:1)
  25 bullfrogs
  A water moccasin zombie (D:10)
  4 wyvern skeletons
  A troll zombie (Crypt:3)
  7 scorpions
  20 killer bees
  16 wights
  3 howler monkeys
  3 bullfrog zombies
  4 electric eels
  A troll skeleton (Crypt:1)
  10 crimson imps
  3 centaur zombies
  4 jellies
  7 lava snakes (Volcano)
  8 quasits
  11 orc priests
  3 hounds
  46 orc wizards
  4 bullfrog skeletons
  A gnoll shaman (D:9)
  An iron imp (Depths:4)
  Ijyb (D:3)
  4 iguanas
  6 hell rats (Lair:6)
  10 worker ants
  A killer bee zombie (D:9)
  A deep dwarf skeleton (Crypt:1)
  A hound zombie (D:5)
  2 hound skeletons
  8 mummies (Crypt:3)
  A worker ant zombie (D:10)
  A howler monkey skeleton (D:10)
  14 gnolls
  10 adders
  5 shadow imps
  17 white imps
  7 ufetubi
  3 adder zombies (D:9)
  An adder skeleton (D:6)
  A halfling skeleton (Crypt:1)
  A worm (D:2)
  A dart slug (D:4)
  9 leopard geckos
  140 orcs
  A ball python (D:1)
  5 bats
  4 giant cockroaches
  5 goblins
  4 hobgoblins
  18 jackals
  4 quokkas
  8 frilled lizards
  A giant cockroach zombie (Crypt:1)
  A jackal skeleton (D:4)
  17 kobolds
  A kobold zombie (Crypt:2)
  3 leopard gecko skeletons
  A rat (D:2)
  A butterfly (Zot:2)
  9 crawling corpses
  8 fungi
  11 plants
  2 withered plants (Crypt:3)
2720 creatures vanquished.

Vanquished Creatures (collateral kills)
  A pandemonium lord (D:11)
  The ghost of Ugguttuj the Peltast, a veteran DrWn of Okawaru (Vaults:1)
  A curse toe (Zot:1)
  A tengu reaver (Vaults:4)
  A green draconian (Zot:1)
  A blizzard demon (D:4)
  3 vault guards (Vaults:5)
  3 deep elf magi (Elf:2)
  A crimson imp (D:11)
13 creatures vanquished.

Vanquished Creatures (others)
  A tentacled monstrosity (Zot:1)
  A lich (Vaults:4)
  A reaper (IceCv)
  A war gargoyle (Vaults:5)
  A two-headed ogre (Depths:2)
  A hell hog (Volcano)
  A deep troll earth mage (Depths:5)
  2 deep elf magi
  A stone giant skeleton (Vaults:4)
  2 moths of wrath (Zot:1)
  A troll (Vaults:5)
  A tarantella (Spider:2)
  15 fungi
  23 plants
52 creatures vanquished.

Grand Total: 2785 creatures vanquished

Notes
Turn   | Place    | Note
-------+----------+-------------------------------------------
     0 | D:1      | DeepDeath the Minotaur Berserker began the quest for the
                  | Orb.
     0 | D:1      | Reached XP level 1. HP: 19/19 MP: 0/0
   557 | D:1      | Reached XP level 2. HP: 27/27 MP: 1/1
  1023 | D:2      | Reached XP level 3. HP: 30/33 MP: 2/2
  1082 | D:2      | Reached skill level 5 in Maces & Flails
  1317 | D:2      | Reached ** piety under Trog
  1795 | D:2      | Reached XP level 4. HP: 33/40 MP: 3/3
  1932 | D:3      | Noticed Ijyb
  1946 | D:3      | Noticed a bullfrog
  1950 | D:3      | Killed Ijyb
  1957 | D:3      | Killed a bullfrog
  1957 | D:3      | Reached XP level 5. HP: 35/46 MP: 4/4
  2821 | D:3      | Noticed tkbsonic5's ghost (amateur DsWr)
  2822 | D:3      | Found a runed translucent door.
  2988 | D:3      | Reached XP level 6. HP: 52/52 MP: 5/5
  3129 | D:4      | Reached skill level 1 in Throwing
  3185 | D:4      | Reached *** piety under Trog
  3205 | D:4      | Found a radiant altar of Vehumet.
  3226 | D:4      | Identified Vehumet's Almanac of Attacks
  3228 | D:4      | Found an ancient bone altar of Kikubaaqudgha.
  3229 | D:4      | Found a shimmering blue altar of Sif Muna.
  3418 | D:4      | Reached skill level 1 in Evocations
  3434 | D:4      | Found a hide-covered altar of Uskayaw.
  3455 | D:4      | Found a staircase to the Ecumenical Temple.
  3463 | D:4      | Reached XP level 7. HP: 59/59 MP: 6/6
  3508 | D:4      | Got a pair of slimy boots
  3529 | D:4      | Identified the +0 pair of boots of Viny Liberty {rPois MR-
                  | Regen+} (You found it on level 4 of the Dungeon)
  4038 | D:5      | Entered Level 5 of the Dungeon
  4478 | D:5      | Found a blossoming altar of Fedhas.
  4531 | D:5      | Found a large runed translucent door.
  4531 | D:5      | Found a large runed translucent door.
  4532 | D:5      | Noticed Tiocfaidh's ghost (novice CeAr)
  4730 | D:6      | Found a large runed translucent door.
  4730 | D:6      | Found a large runed translucent door.
  4751 | D:6      | Noticed a cyclops
  4760 | D:6      | Killed a cyclops
  4760 | D:6      | Reached skill level 10 in Maces & Flails
  4760 | D:6      | Reached skill level 5 in Armour
  4760 | D:6      | Reached XP level 8. HP: 37/66 MP: 7/7
  4956 | D:6      | Got an encrusted rapier
  5428 | D:6      | Found a basalt altar of Yredelemnul.
  5428 | D:6      | Found a burning altar of Makhleb.
  5518 | D:6      | Found a large runed translucent door.
  5518 | D:6      | Found a large runed translucent door.
  5809 | D:6      | Reached XP level 9. HP: 47/71 MP: 8/8
  6145 | D:7      | Found a transporter.
  6148 | D:7      | Found a transporter.
  6150 | D:7      | Noticed a cyan ugly thing
  6151 | D:7      | Noticed a komodo dragon
  6152 | D:7      | Found a shimmering altar of Xom.
  6152 | D:7      | Found a glowing golden altar of the Shining One.
  6153 | D:7      | Found a snail-covered altar of Cheibriados.
  6180 | D:7      | Noticed Maggie
  6191 | D:7      | Killed Maggie
  6221 | D:7      | Found a glowing silver altar of Zin.
  6334 | D:7      | Reached skill level 1 in Axes
  6701 | D:7      | Reached **** piety under Trog
  7411 | D:7      | Reached skill level 5 in Axes
  8609 | D:8      | Found a shattered altar of Ashenzari.
  8908 | D:9      | Noticed Joseph
  8914 | D:9      | Killed Joseph
  8914 | D:9      | Reached XP level 10. HP: 78/78 MP: 10/10
  9142 | D:9      | Noticed Psyche
  9151 | D:9      | Killed Psyche
  9819 | D:9      | Noticed Harold
  9850 | D:9      | Killed Harold
  9850 | D:9      | Reached skill level 10 in Axes
 10093 | D:9      | Found a staircase to the Lair.
 10143 | D:9      | Found a transporter.
 10146 | D:9      | Noticed kulwych's ghost (journeyman HuFi)
 10180 | D:9      | Found a transporter.
 10447 | D:3      | Killed tkbsonic5's ghost
 10627 | Lair:1   | Entered Level 1 of the Lair of Beasts
 10790 | Lair:1   | Reached skill level 10 in Armour
 11027 | Lair:1   | Noticed a spiny frog
 11028 | Lair:1   | Noticed a black mamba
 11039 | Lair:1   | Killed a black mamba
 11039 | Lair:1   | Reached XP level 11. HP: 44/84 MP: 11/11
 12165 | Lair:2   | Identified the +8 flail "Sootoduachua" {distort, rElec
                  | Int+6 Dex-5} (You found it on level 2 of the Lair of
                  | Beasts)
 12296 | Lair:2   | Found a hole to the Spider Nest.
 12358 | Lair:2   | Reached ***** piety under Trog
 12358 | Lair:2   | Reached skill level 1 in Shields
 13259 | Lair:3   | Reached skill level 5 in Fighting
 13328 | Lair:3   | Noticed a five-headed hydra
 13340 | Lair:3   | Killed a one-headed hydra
 13493 | Lair:3   | Noticed a four-headed hydra
 13502 | Lair:3   | Killed a one-headed hydra
 13705 | Lair:3   | Reached XP level 12. HP: 88/96 MP: 12/12
 13968 | Lair:3   | Noticed a five-headed hydra
 13976 | Lair:3   | Killed a one-headed hydra
 14124 | Lair:3   | Identified a scroll of acquirement
 14124 | Lair:3   | Acquired a manual of Long Blades
 14209 | Lair:4   | Found a dark tunnel.
 14266 | Lair:4   | Got a fine copper amulet
 14312 | Lair:4   | Identified the amulet "Cahe Fue" {Faith rPois rF+ MR+} (You
                  | found it on level 4 of the Lair of Beasts)
 14316 | Volcano  | Entered a volcano
 14570 | Volcano  | Found a radiant altar of Vehumet.
 14570 | Volcano  | Noticed a hell hog
 14577 | Volcano  | Killed a hell hog
 14848 | Lair:4   | Found a runed translucent door.
 14848 | Lair:4   | Found a shimmering altar of Xom.
 14848 | Lair:4   | Noticed tkbsonic5's ghost (novice FeTm)
 14989 | Lair:4   | Noticed a death yak
 14990 | Lair:4   | Noticed a death yak
 15013 | Lair:4   | Killed a death yak
 15019 | Lair:4   | Killed a death yak
 15020 | Lair:4   | Received a gift from Trog
 15021 | Lair:4   | Got a warped great sword {god gift}
 15264 | Lair:4   | Noticed an eight-headed hydra
 15273 | Lair:4   | Killed a six-headed hydra
 15547 | Lair:4   | Noticed an eight-headed hydra
 15553 | Lair:4   | Killed a four-headed hydra
 15873 | Lair:4   | Noticed a five-headed hydra
 15882 | Lair:4   | Killed a one-headed hydra
 15960 | Lair:4   | Found a staircase to the Swamp.
 15964 | Lair:4   | Noticed an eight-headed hydra
 15971 | Lair:4   | Killed a five-headed hydra
 15971 | Lair:4   | Reached skill level 5 in Shields
 16497 | Lair:5   | Reached XP level 13. HP: 108/108 MP: 13/13
 16538 | Lair:5   | Found a staircase to the Slime Pits.
 16737 | Lair:5   | Noticed Nessos
 16760 | Lair:5   | Killed Nessos
 16760 | Lair:5   | Reached skill level 15 in Axes
 16866 | Lair:5   | Noticed Josephine
 16883 | Lair:5   | Killed Josephine
 16885 | Lair:5   | Reached skill level 10 in Fighting
 17810 | D:10     | Entered Level 10 of the Dungeon
 17945 | D:10     | Identified the +2 cloak of Disappointment {rN+ Str-4 Int+6
                  | Dex+2} (You found it on level 10 of the Dungeon)
 18262 | D:10     | Noticed Snorg
 18271 | D:10     | Killed Snorg
 18343 | D:10     | Identified the +9 hand crossbow of Outrage {elec, rPois
                  | rN+++ Str-5} (You found it on level 10 of the Dungeon)
 18811 | D:11     | Found a gateway to a bazaar.
 19190 | D:11     | Noticed Erica
 19216 | D:11     | Killed Erica
 19456 | D:11     | Found a staircase to the Orcish Mines.
 19888 | Orc:1    | Entered Level 1 of the Orcish Mines
 19935 | Orc:1    | Received a gift from Trog
 19935 | Orc:1    | Reached ****** piety under Trog
 20558 | Orc:1    | Noticed Jorgrun
 20582 | Orc:1    | Killed Jorgrun
 20774 | Orc:2    | Entered Level 2 of the Orcish Mines
 20839 | Orc:2    | Found Camamyu's Food Shoppe.
 20905 | Orc:2    | Reached XP level 14. HP: 126/126 MP: 14/14
 21241 | Orc:2    | Received a gift from Trog
 21400 | Orc:2    | Found a staircase to the Elven Halls.
 21779 | Orc:2    | Found Esuh Age's Distillery.
 21797 | Orc:2    | Bought 2 potions of heal wounds for 110 gold pieces
 21797 | Orc:2    | Bought a potion of heal wounds for 55 gold pieces
 21797 | Orc:2    | Bought a potion of heal wounds for 55 gold pieces
 21797 | Orc:2    | Bought a potion of might for 44 gold pieces
 21848 | Orc:2    | Found an ancient bone altar of Kikubaaqudgha.
 21873 | Orc:2    | Found Saupt's Magic Scroll Boutique.
 21883 | Orc:2    | Reached skill level 5 in Crossbows
 21900 | Orc:2    | Found a radiant altar of Vehumet.
 21920 | Orc:2    | Bought a scroll of identify for 32 gold pieces
 21920 | Orc:2    | Bought a scroll of identify for 32 gold pieces
 21963 | Orc:2    | Found a roughly hewn altar of Beogh.
 21981 | Orc:2    | Found Gegext's Gadget Shop.
 21988 | Orc:2    | Found Pionen Jakki's Antique Armour Boutique.
 22007 | Orc:2    | Bought a pair of glowing boots for 217 gold pieces
 22072 | Orc:2    | Identified a +0 pair of boots of running (You bought it in
                  | a shop on level 2 of the Orcish Mines)
 22100 | Orc:2    | Bought a runed chain mail for 217 gold pieces
 22473 | Lair:6   | Entered Level 6 of the Lair of Beasts
 22679 | Lair:6   | Acquired the ring "Fadoc" {rF+ rN+ rCorr Str+2}
 23585 | Lair:6   | Found a runed translucent door.
 24065 | Lair:6   | Received a gift from Trog
 24081 | Lair:6   | Reached skill level 15 in Armour
 24678 | Lair:6   | Identified a +0 pair of boots of running (You found it on
                  | level 6 of the Lair of Beasts)
 24700 | Lair:6   | Acquired the ring "Wiolu" {rF+ rCorr Int+4 Slay+3}
 25194 | D:5      | Killed Tiocfaidh's ghost
 25302 | D:9      | Killed kulwych's ghost
 25549 | D:12     | Found a frozen archway.
 25693 | IceCv    | Entered an ice cave
 25852 | IceCv    | Killed a reaper
 26032 | IceCv    | Received a gift from Trog
 27094 | D:13     | Found Ecaseula's Weapon Shoppe.
 27105 | D:13     | Reached XP level 15. HP: 138/138 MP: 15/15
 27435 | D:13     | Found a snail-covered altar of Cheibriados.
 27698 | D:14     | Found a gate to the Vaults.
 27768 | D:14     | Received a gift from Trog
 28136 | D:14     | Found a sparkling altar of Nemelex Xobeh.
 28630 | D:15     | Entered Level 15 of the Dungeon
 29180 | D:15     | Received a gift from Trog
 29436 | D:15     | Found a staircase to the Depths.
 29826 | D:15     | Reached skill level 10 in Crossbows
 30517 | D:15     | Noticed Louise
 30528 | D:15     | Killed Louise
 31142 | Lair:4   | Killed tkbsonic5's ghost
 31463 | Swamp:1  | Entered Level 1 of the Swamp
 31710 | Swamp:1  | Reached skill level 15 in Fighting
 31858 | Swamp:1  | Found a runed translucent gate.
 31859 | Swamp:1  | Found a runed translucent gate.
 31860 | Swamp:1  | Found a runed translucent gate.
 31864 | Swamp:1  | Noticed pleonasm's ghost (adept OgBe)
 31878 | Swamp:1  | Reached skill level 10 in Shields
 32381 | Swamp:1  | Received a gift from Trog
 32409 | Swamp:1  | Reached XP level 16. HP: 148/149 MP: 16/16
 34302 | Swamp:2  | Received a gift from Trog
 34611 | Lair:2   | Identified the +6 great sword of Impatience {flame,
                  | *Corrode rPois rN+ Stlth+} (Trog gifted it to you on level
                  | 4 of the Lair of Beasts)
 34755 | Swamp:3  | Found an ornate altar of the Wu Jian Council.
 35183 | Swamp:3  | Identified the +6 scale mail of the Barnacle {rElec rC+
                  | Dex+2 Slay-3} (You found it on level 3 of the Swamp)
 35563 | Swamp:3  | Found a runed translucent door.
 35573 | Swamp:3  | Noticed reggie's ghost (journeyman DrWz)
 36288 | Swamp:1  | Killed pleonasm's ghost
 36525 | Swamp:3  | Killed reggie's ghost
 36586 | Swamp:4  | Entered Level 4 of the Swamp
 36613 | Swamp:4  | Received a gift from Trog
 36917 | Swamp:4  | Reached skill level 15 in Shields
 37468 | Swamp:4  | Reached XP level 17. HP: 157/159 MP: 17/17
 37495 | Swamp:4  | Reached skill level 5 in Dodging
 38439 | Swamp:4  | Got a decaying rune of Zot
 38707 | Spider:1 | Entered Level 1 of the Spider Nest
 38925 | Spider:1 | Found a large runed translucent door.
 38925 | Spider:1 | Found a large runed translucent door.
 39078 | Spider:1 | Received a gift from Trog
 39184 | Spider:1 | Noticed tkbsonic5's ghost (journeyman CeHu)
 39251 | Spider:1 | Found a roughly hewn altar of Beogh.
 39558 | Spider:1 | Killed tkbsonic5's ghost
 40912 | Spider:3 | Received a gift from Trog
 41426 | Spider:3 | Reached skill level 10 in Dodging
 42791 | Bazaar   | Entered a bazaar
 42791 | Bazaar   | Found Tihisch's Distillery.
 42804 | Bazaar   | Found Ocruoruf's Antique Weapon Shop.
 42824 | Bazaar   | Found Qujisal's Antique Armour Shop.
 42832 | Bazaar   | Bought an obsidian-encrusted scale mail for 198 gold pieces
 42832 | Bazaar   | Bought a runed cloak for 165 gold pieces
 42832 | Bazaar   | Bought a brightly glowing chain mail for 209 gold pieces
 42846 | Bazaar   | Bought a potion of might for 56 gold pieces
 42846 | Bazaar   | Bought a potion of cancellation for 112 gold pieces
 42846 | Bazaar   | Bought a potion of invisibility for 112 gold pieces
 42880 | Bazaar   | Identified the cursed +0 scale mail of the Nexus {-Cast rC+
                  | Str+3} (You bought it in a shop in a bazaar)
 42881 | Bazaar   | Identified the +5 chain mail "Ijiesec" {+Inv} (You bought
                  | it in a shop in a bazaar)
 43054 | Orc:2    | Bought a runed tower shield for 217 gold pieces
 43063 | Orc:2    | Bought a wand of clouds (2) for 270 gold pieces
 43085 | Orc:2    | Bought a scroll of blinking for 120 gold pieces
 43085 | Orc:2    | Bought a scroll of magic mapping for 56 gold pieces
 43256 | Vaults:1 | Entered Level 1 of the Vaults
 43365 | Vaults:1 | Reached XP level 18. HP: 173/173 MP: 18/18
 43369 | Vaults:1 | Received a gift from Trog
 43655 | Vaults:1 | Identified the ring of the Serpent {MR+ Str+2 Slay+6} (You
                  | found it on level 1 of the Vaults)
 44137 | Vaults:1 | Found a runed translucent gate.
 44137 | Vaults:1 | Found a runed translucent gate.
 44137 | Vaults:1 | Found a runed translucent gate.
 44137 | Vaults:1 | Found an ancient bone altar of Kikubaaqudgha.
 44137 | Vaults:1 | Noticed Ugguttuj's ghost (veteran DrWn)
 44137 | Vaults:1 | Noticed a lich
 44137 | Vaults:1 | Noticed a lich
 44137 | Vaults:1 | Noticed an ancient lich
 44139 | Vaults:1 | Noticed DeepDeath's ghost (adept HOVM)
 45434 | Vaults:1 | Killed a lich
 45436 | Vaults:1 | Killed DeepDeath's ghost
 45437 | Vaults:1 | Killed a lich
 45442 | Vaults:1 | Killed an ancient lich
 45451 | Vaults:1 | Killed Ugguttuj's ghost
 45769 | Vaults:1 | Got a slimy platinum ring
 45773 | Vaults:1 | Got a warped cloak
 45786 | Vaults:1 | Identified the +2 cloak of Quantum Leap {rF- rN+ Dex+5}
                  | (You found it on level 1 of the Vaults)
 45787 | Vaults:1 | Identified the ring of Xiusiss {+Inv rElec Dex+6} (You
                  | found it on level 1 of the Vaults)
 45966 | Vaults:2 | Received a gift from Trog
 46635 | Vaults:2 | Reached XP level 19. HP: 187/187 MP: 19/19
 46751 | Vaults:2 | Received a gift from Trog
 46798 | Vaults:2 | Found a staircase to the Crypt.
 46869 | Vaults:2 | Noticed Saint Roka
 46914 | Vaults:2 | Killed Saint Roka
 47119 | Vaults:2 | Received a gift from Trog
 47442 | Vaults:2 | Reached skill level 15 in Dodging
 48390 | Vaults:3 | Received a gift from Trog
 49504 | Vaults:3 | Reached XP level 20. HP: 200/200 MP: 20/20
 49923 | Spider:4 | Entered Level 4 of the Spider Nest
 50645 | Spider:4 | Received a gift from Trog
 51228 | Spider:4 | Got a gossamer rune of Zot
 51851 | Vaults:4 | Received a gift from Trog
 52571 | Vaults:4 | Found Ywisac's Antique Weapon Boutique.
 52572 | Vaults:4 | Noticed Donald
 52587 | Vaults:4 | Killed Donald
 52864 | Vaults:4 | Received a gift from Trog
 53581 | Vaults:4 | Noticed Sojobo
 53981 | Vaults:4 | Reached XP level 21. HP: 213/213 MP: 23/23
 54036 | Vaults:4 | Killed Sojobo
 54129 | Vaults:4 | Received a gift from Trog
 55339 | Orc:2    | Bought a potion of resistance for 110 gold pieces
 55384 | Elf:1    | Entered Level 1 of the Elven Halls
 55656 | Elf:1    | Received a gift from Trog
 55814 | Elf:1    | Found a radiant altar of Vehumet.
 56281 | Elf:1    | Found Toyfeud's Assorted Antiques.
 56290 | Elf:1    | Bought a scroll of identify for 70 gold pieces
 56644 | Elf:2    | Received a gift from Trog
 56654 | Elf:2    | Found a magical portal.
 56719 | WizLab   | Entered Cigotuvi's Fleshworks
 56926 | Elf:2    | Found a runed translucent gate.
 57126 | Elf:2    | Identified the Volume of Unholy Arts
 57387 | Elf:2    | Found a runed translucent gate.
 57394 | Elf:2    | Found a runed translucent gate.
 57476 | Elf:2    | Received a gift from Trog
 58433 | Elf:3    | Entered Level 3 of the Elven Halls
 58642 | Elf:3    | Received a gift from Trog
 59203 | Elf:3    | Reached XP level 22. HP: 223/231 MP: 24/24
 59301 | Elf:3    | Reached skill level 27 in Fighting
 59633 | Elf:3    | Identified the +3 morningstar of the Freezing Vulture
                  | {drain, *Corrode rPois Str+9 Dex-3}
 59882 | Elf:3    | Identified the Catalogue of Flames and Sinister Arts
 59899 | Elf:3    | Identified the +0 fustibalus of Desperation {freeze, rPois
                  | rF+ rN+ MR-} (You found it on level 3 of the Elven Halls)
 59901 | Elf:3    | Identified the +6 scale mail of the Pink Corner {MR++
                  | Dex+4} (You found it on level 3 of the Elven Halls)
 59907 | Elf:3    | Identified the +4 spear "Vypaus" {vorpal, rElec} (You found
                  | it on level 3 of the Elven Halls)
 59923 | Elf:3    | Identified the +1 hunting sling "Hydraslayer" {vorpal, rF+
                  | rC- Str+3 Int+5} (You found it on level 3 of the Elven
                  | Halls)
 60691 | Depths:1 | Entered Level 1 of the Depths
 60728 | Depths:1 | Reached skill level 5 in Throwing
 60733 | Depths:1 | Received a gift from Trog
 60747 | Depths:1 | Identified the +7 flail of Past Mistakes {flame, MR+ Dex+2}
                  | (Trog gifted it to you on level 1 of the Depths)
 60875 | Depths:1 | Found a gateway to Hell.
 60953 | Depths:1 | Found Ommalluy's Armour Boutique.
 60995 | Depths:1 | Found Ogouputs's Armour Emporium.
 61003 | Depths:1 | Found Wuwummamn's Antique Weapon Shoppe.
 61003 | Depths:1 | Found Pasett's Armour Emporium.
 61064 | Depths:1 | Bought the +2 pair of gloves of Nuilux {rN++ Int-5} for 236
                  | gold pieces
 61076 | Depths:1 | Found Pokk's General Store.
 61085 | Depths:1 | Bought a potion of might for 60 gold pieces
 61085 | Depths:1 | Bought a scroll of acquirement for 780 gold pieces
 61086 | Depths:1 | Acquired the +0 mask of the Dragon {MR+ Slay+3 SInv}
 61087 | Depths:1 | Found the +0 mask of the Dragon {MR+ Slay+3 SInv}
 61387 | Depths:1 | Found a runed translucent door.
 61407 | Depths:1 | Found a one-way gate leading to the halls of Pandemonium.
 61552 | Depths:1 | Reached skill level 5 in Evocations
 62118 | Depths:2 | Received a gift from Trog
 62172 | Depths:2 | Paralysed by a floating eye for 4 turns
 62177 | Depths:2 | Paralysed by a floating eye for 4 turns
 62182 | Depths:2 | Paralysed by a floating eye for 3 turns
 62845 | Depths:2 | Received a gift from Trog
 64454 | Depths:3 | Reached XP level 23. HP: 240/240 MP: 26/26
 64614 | Depths:3 | You fall into a shaft and drop 2 floors!
 64614 | Depths:5 | Entered Level 5 of the Depths
 64614 | Depths:5 | Noticed Frederick
 64622 | Depths:5 | Killed Frederick
 64815 | Depths:4 | Noticed the Enchantress
 65018 | Depths:4 | Got a faintly glowing long sword
 65224 | Depths:4 | Killed the Enchantress
 65449 | Depths:4 | Found a one-way gate to the infinite horrors of the Abyss.
 65454 | Depths:4 | Paralysed by a floating eye for 3 turns
 65822 | Depths:4 | Received a gift from Trog
 66499 | Depths:3 | Identified the +1 long sword of the Desolation of Salt
                  | {flame, rC+ Str+4 Dex+3} (You found it on level 4 of the
                  | Depths)
 66649 | Depths:3 | Found a gateway to a ziggurat.
 66951 | Depths:3 | Found a portal to a secret trove of treasure.
 67802 | Orc:2    | Bought a scroll of teleportation for 48 gold pieces
 67802 | Orc:2    | Bought a scroll of teleportation for 48 gold pieces
 68151 | Depths:4 | Received a gift from Trog
 68436 | Depths:4 | Found a glowing golden altar of the Shining One.
 68610 | Depths:1 | Bought 3 silver javelins for 108 gold pieces
 69594 | Depths:5 | Noticed Boris
 69610 | Depths:5 | Killed Boris
 69795 | Depths:5 | Reached XP level 24. HP: 245/249 MP: 26/26
 69953 | Depths:5 | Noticed Xtahua
 69967 | Depths:5 | Killed Xtahua
 70207 | Depths:5 | Received a gift from Trog
 70337 | Depths:5 | Found a gate to the Realm of Zot.
 70894 | Crypt:1  | Entered Level 1 of the Crypt
 70909 | Crypt:1  | Noticed Boris
 70926 | Crypt:1  | Killed Boris
 71170 | Crypt:1  | Received a gift from Trog
 71267 | Crypt:1  | Reached skill level 10 in Throwing
 71420 | Crypt:1  | Found a basalt altar of Yredelemnul.
 71947 | Crypt:2  | Received a gift from Trog
 73193 | Crypt:3  | Entered Level 3 of the Crypt
 73198 | Crypt:3  | Received a gift from Trog
 74394 | Crypt:3  | Found the +7 lajatang of Order {silver, rMut}
 74545 | Crypt:3  | Reached XP level 25. HP: 248/257 MP: 26/26
 74904 | Crypt:3  | Received a gift from Trog
 74921 | Crypt:3  | Found an ancient bone altar of Kikubaaqudgha.
 74982 | Crypt:3  | Noticed an ancient lich
 74992 | Crypt:3  | Killed an ancient lich
 74992 | Crypt:3  | Reached skill level 15 in Throwing
 75101 | Crypt:3  | Found a staircase to the Tomb.
 75101 | Crypt:3  | Noticed an ancient lich
 75109 | Crypt:3  | Killed an ancient lich
 76317 | Vaults:5 | Entered Level 5 of the Vaults
 76347 | Vaults:5 | Received a gift from Trog
 76716 | Vaults:5 | Identified the +2 whip of Neurosis {pain, rF+ Int+2}
 76772 | Vaults:5 | Received a gift from Trog
 76857 | Vaults:5 | Identified the +9 hand axe of Glory {antimagic, Dex+5} (You
                  | found it on level 5 of the Vaults)
 76915 | Vaults:5 | Got a silver rune of Zot
 77629 | Vaults:5 | Received a gift from Trog
 77690 | Vaults:5 | Reached XP level 26. HP: 266/266 MP: 26/26
 78442 | Vaults:5 | Identified the +7 quarterstaff of Neesh {freeze, MR+++
                  | Str-5}
 78943 | Vaults:5 | Identified the +0 pair of gloves of the Final Nightingales
                  | {rPois Str+9 Int-3 SInv} (You found it on level 5 of the
                  | Vaults)
 79463 | Depths:1 | Bought a glowing morningstar for 196 gold pieces
 79684 | Depths:1 | Bought the +8 gold dragon scales of Emuos {rPois rF+ rC+
                  | MP+9 Str+3 Int+6} for 2527 gold pieces
 79958 | Orc:2    | Bought 2 potions of mutation for 176 gold pieces
 80227 | Zot:1    | Entered Level 1 of the Realm of Zot
 80267 | Zot:1    | Received a gift from Trog
 80300 | Zot:1    | Identified the +10 spear of Integrity {flame, *Rage rN+
                  | Int+3} (Trog gifted it to you on level 1 of the Realm of
                  | Zot)
 82181 | Depths:3 | You paid a toll of 16 scrolls of teleportation to enter a
                  | treasure trove
 82182 | Trove    | Entered a treasure trove
 83000 | Zot:2    | Received a gift from Trog
 83261 | Zot:2    | Reached XP level 27. HP: 175/273 MP: 26/26
 84021 | Zot:2    | Found an ornate altar of the Wu Jian Council.
 84316 | Zot:2    | Received a gift from Trog
 86470 | Zot:4    | Received a gift from Trog
 87368 | Zot:5    | Entered Level 5 of the Realm of Zot
 88112 | Zot:5    | Noticed an ancient lich
 88124 | Zot:5    | Killed an ancient lich
 88322 | Zot:5    | Acquired the amulet of the Will of the Gods {RegenMP rF+
                  | Str+2 Dex+7}
 88453 | Zot:5    | Noticed an orb of fire
 88454 | Zot:5    | Gained mutation: You are clumsy. (Dex -2) [an orb of fire]
 88462 | Zot:5    | Killed an orb of fire
 88507 | Zot:5    | Noticed an orb of fire
 88512 | Zot:5    | Gained mutation: Your body sometimes deteriorates upon
                  | taking damage. [an orb of fire]
 88515 | Zot:5    | Gained mutation: You are weak. (Str -2) [an orb of fire]
 88521 | Zot:5    | Gained mutation: Armour fits poorly on your strangely
                  | shaped body. [an orb of fire]
 88535 | Zot:5    | Killed an orb of fire
 88541 | Zot:5    | Noticed an orb of fire
 88545 | Zot:5    | Killed an orb of fire
 88546 | Zot:5    | Received a gift from Trog
 88552 | Zot:5    | Reached skill level 27 in Armour
 88559 | Zot:5    | Noticed an orb of fire
 88574 | Zot:5    | Gained mutation: Your body often deteriorates upon taking
                  | damage. [an orb of fire]
 88576 | Zot:5    | Gained mutation: You are frail. (-10% HP) [an orb of fire]
 88581 | Zot:5    | Killed an orb of fire
 88688 | Zot:5    | Lost mutation: You are frail. (-10% HP) [potion of
                  | mutation]
 88688 | Zot:5    | Lost mutation: Your body often deteriorates upon taking
                  | damage. [potion of mutation]
 88688 | Zot:5    | Lost mutation: Armour fits poorly on your strangely shaped
                  | body. [potion of mutation]
 88688 | Zot:5    | Lost mutation: You are clumsy. (Dex -2) [potion of
                  | mutation]
 88688 | Zot:5    | Gained mutation: Your mind is acute. (Int +2) [potion of
                  | mutation]
 88688 | Zot:5    | Gained mutation: You can translocate small distances at
                  | will. [potion of mutation]
 88688 | Zot:5    | Gained mutation: You have a beak for a mouth. [potion of
                  | mutation]
 88749 | Zot:5    | Noticed an orb of fire
 88765 | Zot:5    | Killed an orb of fire
 88821 | Zot:5    | Gained mutation: You are occasionally teleported next to
                  | monsters. [an orb of fire]
 88822 | Zot:5    | Noticed an orb of fire
 88824 | Zot:5    | Lost mutation: Your mind is acute. (Int +2) [an orb of
                  | fire]
 88836 | Zot:5    | Gained mutation: Scrolls take you a little longer to read.
                  | [an orb of fire]
 88843 | Zot:5    | Killed an orb of fire
 88846 | Zot:5    | Lost mutation: Scrolls take you a little longer to read.
                  | [potion of mutation]
 88846 | Zot:5    | Lost mutation: Your body sometimes deteriorates upon taking
                  | damage. [potion of mutation]
 88846 | Zot:5    | Lost mutation: You are weak. (Str -2) [potion of mutation]
 88846 | Zot:5    | Lost mutation: You are occasionally teleported next to
                  | monsters. [potion of mutation]
 88846 | Zot:5    | Gained mutation: You do not regenerate when monsters are
                  | visible. [potion of mutation]
 88846 | Zot:5    | Gained mutation: You are dopey. (Int -2) [potion of
                  | mutation]
 88846 | Zot:5    | Gained mutation: You are partially covered in icy blue
                  | scales. (AC +2) [potion of mutation]
 89347 | Zot:5    | Noticed an orb of fire
 89350 | Zot:5    | Noticed an orb of fire
 89351 | Zot:5    | Noticed an orb of fire
 89353 | Zot:5    | Killed an orb of fire
 89356 | Zot:5    | Gained mutation: You are partially covered in rugged brown
                  | scales. (AC +1, +3% HP) [an orb of fire]
 89359 | Zot:5    | Noticed an orb of fire
 89360 | Zot:5    | Gained mutation: Your body sometimes deteriorates upon
                  | taking damage. [an orb of fire]
 89363 | Zot:5    | Killed an orb of fire
 89364 | Zot:5    | Noticed an orb of fire
 89375 | Zot:5    | Noticed an orb of fire
 89376 | Zot:5    | Killed an orb of fire
 89376 | Zot:5    | Gained mutation: Your spells are a little easier to cast,
                  | but a little less powerful. [an orb of fire]
 89384 | Zot:5    | Killed an orb of fire
 89397 | Zot:5    | Killed an orb of fire
 89749 | Zot:5    | Noticed an ancient lich
 89765 | Zot:5    | Killed an ancient lich
 89843 | Zot:5    | Received a gift from Trog
 89890 | Zot:5    | Noticed an ancient lich
 89909 | Zot:5    | Killed an ancient lich
 90450 | Zot:5    | Got the Orb of Zot
 90468 | Zot:5    | Noticed Wivihusk the pandemonium lord
 90468 | Zot:5    | Noticed an ancient lich
 90702 | D:11     | Noticed Pyheg the pandemonium lord
 90720 | D:11     | Killed Pyheg the pandemonium lord
 90734 | D:11     | Noticed Fuataude the pandemonium lord
 90836 | D:4      | Noticed Utilasax the pandemonium lord
 90848 | D:4      | Killed Utilasax the pandemonium lord
 91039 | D:$      | Escaped with the Orb!

Illustrated notes

Levels and vault maps discovered:
D:1:      dpeg_arrival_snail, layout_loops_corners
D:2:      layout_loops_corners, first_ration, kennysheep_generic_room_3
D:3:      layout_basic, hellmonk_ghost_happy_afterlife, serial_bayou_pond_d,
          supply_closet_lemuel, uniq_ijyb
D:4:      layout_gridville, grunt_temple_overflow_magic_moments,
          kennysheep_mini, minmay_temple_entry_drinking_statues,
          minmay_misc_feat_secret_circle
D:5:      layout_cave_pools, fedhas_bush_and_centaur_altar,
          ebering_ghost_disaster_area, bh_walls_and_bars
D:6:      layout_rooms, chequers_temple_overflow_statue_of_worship,
          minmay_hollow_rounded_squares
D:7:      layout_basic, kennysheep_mini_moat, gammafunk_temple_overflow_arena,
          uniq_maggie
D:8:      layout_basic, nicolae_overflow_hidden_temple, special_room
          [special_room_orc]
D:9:      layout_irregular_city, lair_entry_dummy, gammafunk_ghost_stat_death,
          uniq_psyche, uniq_joseph, uniq_harold
D:10:     minmay_the_grid_four_pointed_star_mashed
          [minmay_the_grid_triangle_9x9_swiss_cheese,
          minmay_the_grid_triangle_9x9_pentomino_pain,
          minmay_the_grid_triangle_9x9_negative_grid,
          minmay_the_grid_triangle_9x9_corruption,
          minmay_the_grid_prize_big_room], layout_irregular_city,
          grunt_ogre_cave, uniq_snorg
D:11:     layout_rooms, erik_orc_1, serial_shops, bzr_entry_gold, uniq_erica
D:12:     layout_rooms, portal_ice_cave_entry_pillars_2
D:13:     layout_roguey, basic_altar, serial_shops,
          nicolae_shop_temple_entry_statues_fountains
D:14:     layout_basic, david_vaults_2, basic_altar, hangedman_decor_growths
D:15:     hangedman_depths_entry_civil_slaughter, layout_basic, uniq_louise
Lair:1:   layout_chaotic_city, beast_lair_carwin_6
Lair:2:   layout_roguey, spider_nest_entry_webs, chequers_serial_rivers_micro_a,
          infiniplex_staircase_pool
Lair:3:   layout_loops_ring
Lair:4:   layout_long_grid, palyth_hydra_swamp_entry,
          nicolae_volcano_entry_two_sided, ebering_ghost_xom,
          forest_entry_grove, grunt_megastairs_5
Lair:5:   layout_misc_corridors, slime_dummy, wad_woods_river_01,
          uniq_josephine, uniq_nessos
Lair:6:   wormcave, layout_loops_ring, chequers_serial_rivers_room_b,
          grunt_megastairs_3
Swamp:1:  layout_basic_swamp, ebering_ghost_rock_garden, hangedman_swamp_lotus,
          swamp_pool3
Swamp:2:  cheibrodos_swamp_heart_of_darkness, layout_falls_marsh,
          evilmike_swamp_ruin_rubble_2
Swamp:3:  layout_falls_marsh, ebering_ghost_inner_flame, basic_altar
Swamp:4:  swamp_vile, layout_basic_swamp, swamp_pool5, hangedman_swamp_diagram
Spider:1: nicolae_spider_mines_2, ebering_ghost_disaster_area,
          guppyfry_spider_mini_2
Spider:2: layout_spider_delve
Spider:3: layout_chambers, nicolae_spider_cling_halls
Spider:4: grunt_spider_rune_circles, nicolae_looking_at_the_future
Orc:1:    nicolae_orc_accident_3, layout_caves, nicolae_orc_crystal_geode,
          uniq_jorgrun
Orc:2:    kennysheep_orc_mage_school, layout_caves, serial_shops,
          nicolae_shop_statue_plus
Elf:1:    eino_elf_arrival_customs, layout_loops_corners, basic_altar,
          serial_shops, shop, minmay_elf_annihilation, patterned_corridor
Elf:2:    layout_onion_city, mu_enter_wizlab_6, serial_glass, glass_columns_c,
          glass_columns_c, feat_on_display, minmay_elf_necromancy
Elf:3:    elf_hall, layout_geoelf_octagon, serial_sigils_hangedman_stare
Vaults:1: gammafunk_vaults_ghost_crypt, vaults_mumra_chevron_long,
          ontoclasm_vaults_shuriken, ontoclasm_vaults_idyll, v_misc_16,
          vaults_mumra_minichess, nicolae_vaults_diagonal_hallway_7,
          nicolae_vaults_network_s, grunt_vaults_hallway_short,
          nicolae_vaults_shelves_hall, v_misc_3, layout_vaults_omnigrid
Vaults:2: dpeg_vaults_pockets_of_resistance, minmay_crypt_entry_skeletal_spiral,
          hangedman_vaults_restitches, v_alt_pattern_2, vaults_room_corners,
          hangedman_vaults_river_flow, ontoclasm_vaults_chip, v_pattern_2,
          vaults_room_grid, grunt_vaults_hallway_short,
          nicolae_vaults_little_squares_3, layout_vaults_maze_snakey,
          uniq_saint_roka
Vaults:3: nicolae_vaults_little_squares_4, vaults_room_ringed_pool,
          vaults_dpeg_encased_lava, nicolae_vaults_diagonal_hallway_8,
          hangedman_vaults_impose, ontoclasm_vaults_gallery, v_misc_19,
          v_pattern_1, layout_vaults_big_room
Vaults:4: vaults_mumra_lcd, dpeg_vaults_monster_row, st_greater_box_3,
          ontoclasm_vaults_ligature, nicolae_vaults_little_squares_4,
          vaults_room_pools, v_misc_28, vaults_standard_mumra_x, v_misc_27,
          nicolae_vaults_network_square, nicolae_vaults_little_squares_4,
          nicolae_vaults_what_the_h, vaults_room_semicircle,
          layout_vaults_omnibox, serial_shops, nicolae_shop_statue_plus,
          uniq_donald, uniq_sojobo
Vaults:5
Crypt:1:  layout_gridlike, basic_altar, serial_sigils,
          serial_sigils_hangedman_scratch, serial_sigils_hangedman_gnaw,
          serial_sigils_hangedman_snap, serial_sigils_hangedman_writhe,
          serial_sigils_hangedman_quiver, item_on_display_b
Crypt:2:  layout_chaotic_city
Crypt:3:  quadcrypt_mu
Depths:1: layout_cave_shapes, minivault_14, serial_shops, nicolae_shop_stone,
          pan_entry, pf_hell_entry_great_geh, minmay_hidden_floor,
          minmay_shoptagon
Depths:2: minmay_glassy_protrusions, layout_cave_shapes,
          hangedman_tar_grid_catacomb, pan_entry,
          infiniplex_staircase_hallway_doors
Depths:3: minmay_thinvault, layout_basic, enter_ziggurat_b, minmay_holes,
          rand_demon_pan_entry_1, trove_entry_hex_spiral, hell_entry
Depths:4: evilmike_cross, layout_cave_shapes, grunt_pan_entry_in_and_out,
          abyss_entry, hell_entry, grunt_ministairs_9, hangedman_glass_teeth,
          roderic_lattice_a, tso_metal_star, uniq_enchantress
Depths:5: evilmike_zot_entry_hall, layout_gridville, minmay_room_of_horrors,
          hell_entry, minmay_misc_feat_alley, pan_entry, uniq_frederick,
          uniq_margery, uniq_boris, uniq_xtahua
Zot:1:    kennysheep_room_grid, layout_onion, evilmike_ambush
          [evilmike_ambush_outer_basic, evilmike_ambush_inner_pond]
Zot:2:    hangedman_orp_of_zott, layout_misc_corridors
Zot:3:    layout_onion, zot_minivault_4
Zot:4:    layout_onion
Zot:5:    layout_twisted_circle, guppyfry_library_mini

Skill      XL: |  1  2  3  4  5  6  7  8  9 10 11 12 13 14 15 16 17 18 19 20 21 22 23 24 25 26 27 |
---------------+----------------------------------------------------------------------------------+-----
Maces & Flails | 4 5 6 7 8 10 11 12 | 12.4
Fighting       | 4 6 8 12 14 15 16 18 20 22 23 26 27 | 27.0
Throwing       | 1 2 4 7 8 14 16 18 20 | 20.0
Armour         | 3 5 7 8 10 12 14 15 16 17 19 20 22 25 27 | 27.0
Evocations     | 1 2 4 6 |  6.0
Axes           | 9 11 12 14 16 17 18 | 18.8
Shields        | 4 5 10 15 16 21 | 21.0
Crossbows      | 3 8 10 12 | 12.0
Dodging        | 4 10 13 16 18 19 20 25 | 25.6

Action                   |  1- 3 |  4- 6 |  7- 9 | 10-12 | 13-15 | 16-18 | 19-21 | 22-24 | 25-27 || total
-------------------------+-------+-------+-------+-------+-------+-------+-------+-------+-------++-------
Melee: Mace              |    63 |   109 |   156 |       |       |       |       |       |       ||   328
       Headbutt          |    10 |    17 |    70 |   115 |   248 |   226 |   288 |   322 |   479 ||  1775
       Flail             |       |       |   170 |       |       |       |       |       |       ||   170
       Broad axe         |       |       |    10 |   517 |   993 |   734 |  1007 |  1008 |  1256 ||  5525
       Peck              |       |       |       |       |       |       |       |       |    78 ||    78
 Fire: Hand crossbow     |       |       |       |       |   433 |   715 |   469 |   664 |   589 ||  2870
Throw: Stone             |     7 |    11 |       |       |       |       |       |       |       ||    18
       Dart              |       |     4 |    30 |    62 |       |       |       |       |     3 ||    99
       Boomerang         |       |       |       |    31 |    21 |     1 |       |       |     1 ||    54
       Throwing net      |       |       |       |     6 |       |       |     2 |       |       ||     8
       Javelin           |       |       |       |       |       |       |       |     1 |    31 ||    32
Invok: Berserk           |     1 |     4 |     5 |     5 |     4 |     1 |       |       |       ||    20
       Trog's Hand       |       |     3 |     4 |     8 |    10 |     5 |     4 |    12 |    18 ||    64
       Brothers in Arms  |       |       |       |       |       |       |     2 |       |     4 ||     6
Evoke: Wand              |       |       |     6 |       |     7 |     1 |     9 |       |     7 ||    30
       Tin of tremorston |       |       |       |     1 |       |       |       |       |       ||     1
  Use: Scroll            |     1 |     6 |    12 |    10 |    25 |    16 |     6 |    13 |    23 ||   112
       Potion            |       |       |       |     2 |     2 |     1 |       |     1 |    32 ||    38
 Stab: Paralysed         |       |       |     9 |       |     3 |       |       |       |       ||    12
       Held in net/web   |       |       |       |     2 |       |       |     1 |       |       ||     3
       Distracted        |       |       |       |       |     1 |     1 |     1 |       |     2 ||     5
       Petrified         |       |       |       |       |       |       |     3 |       |       ||     3
       Sleeping          |       |       |       |       |       |       |       |       |    16 ||    16
       Invisible         |       |       |       |       |       |       |       |       |    22 ||    22
       Confused          |       |       |       |       |       |       |       |       |     5 ||     5
  Eat: Chunk             |     4 |     9 |    19 |    26 |    24 |    23 |    22 |    20 |     7 ||   154
       Ration            |       |       |     1 |     2 |    10 |     7 |     5 |     9 |    16 ||    50
Armor: Animal skin       |    24 |     6 |       |       |       |       |       |       |       ||    30
       Leather armour    |       |     9 |     3 |     1 |       |       |       |       |       ||    13
       Ring mail         |       |       |    42 |   135 |    88 |       |       |       |       ||   265
       Chain mail        |       |       |    59 |    32 |   331 |    63 |       |       |       ||   485
       Scale mail        |       |       |       |       |       |   226 |   161 |   219 |    88 ||   694
       Gold dragon scale |       |       |       |       |       |       |       |       |   348 ||   348
Dodge: Dodged            |    54 |    55 |   160 |   270 |   284 |   257 |   335 |   482 |   661 ||  2558
Block: Buckler           |       |       |       |    59 |   141 |       |       |       |       ||   200
       Kite shield       |       |       |       |       |    60 |   565 |   591 |   803 |  1009 ||  3028
